cohdb
Replays
Latest Replays
All Replays
Popular Replays
Top Player Replays
Match Explorer
How It Works
Community
CoH3 Stats
Reddit
Sign in to upload your games and track your stats! →
Sign in with Steam
Match 39966660
Unlisted
Match 39966660
Overview
Messages
Build Orders
End
Royal Engineer Section
Vickers Machine Gun Team
Vickers Machine Gun Team
Selects Air and Sea Battlegroup
Construct Section Command Post
Infantry Section
Construct Field Infirmary
Infantry Section
Construct Platoon Command Post
Infantry Section
Selects Supply Surplus
Selects UNKNOWN (223837)
Construct Company Command Post
Centaur IV Medium Tank
6-pounder Anti-tank Gun Team
Foot Guards Section
Selects Commando Section Paradrop
Selects Commando Support Section Paradrop
SteelMan
MadMax
0
0
Comments
sign in to comment!
No comments posted yet!